 Dungeon Crawl Stone Soup version 0.28.0 (webtiles) character file.

Game seed: 13531006457683835296

130 Dorkslayer the Skirmisher (level 5, -2/47 HPs)
             Began as a Hill Orc Fighter on Sept 8, 2022.
             Succumbed to a goblin's poison
             ... on level 2 of the Dungeon.
             The game lasted 00:05:08 (2460 turns).

Dorkslayer the Skirmisher (Hill Orc Fighter)        Turns: 2460, Time: 00:05:08

Health: -2/47      AC: 11    Str: 21    XL:     5   Next: 13%
Magic:  5/5        EV:  7    Int:  8    God:
Gold:   42         SH:  4    Dex: 10    Spells: 4/4 levels left

rFire   . . .      SeeInvis .   a - +0 war axe
rCold   . . .      Faith    .   c - +0 buckler
rNeg    . . .      Spirit   .   m - +0 chain mail
rPois   .          Reflect  .   (no helmet)
rElec   .          Harm     .   (no cloak)
rCorr   .          Rampage  .   (no gloves)
Will    .....                   j - +1 pair of boots
Stlth   ..........              h - amulet of magic regeneration
HPRegen 0.15/turn               (no ring)
MPRegen 0.49/turn               (no ring)

@: lethally poisoned (-2 -> -19), hasted, very quick
A: no striking features
a: no special abilities


You were on level 2 of the Dungeon.
You visited 1 branch of the dungeon, and saw 2 of its levels.

You collected 42 gold pieces.

Inventory:

Hand Weapons
 a - a +0 war axe (weapon)
Missiles
 f - 4 poisoned darts (quivered)
 l - a boomerang
Armour
 c - a +0 buckler (worn)
 j - a +1 pair of boots (worn)
 m - a +0 chain mail (worn)
Jewellery
 h - an amulet of magic regeneration (around neck)
Scrolls
 g - 2 scrolls of teleportation {unknown}
 i - 2 scrolls of identify {unknown}
Potions
 d - 3 potions of might
 e - a potion of lignification {unknown}
 k - a potion of invisibility {unknown}


   Skills:
 * Level 4.7 Fighting
 + Level 4.1 Axes
 + Level 3.9 Armour
 * Level 1.4 Dodging
 + Level 0.1 Stealth
 + Level 3.6 Shields


You had 4 spell levels left.
You didn't know any spells.
Your spell library was empty.

Dungeon Overview and Level Annotations

Branches:
Dungeon (2/15)

Altars:


Message History

The goblin hits you but does no damage.
You are poisoned.
You barely miss the goblin.
You feel very sick. The goblin hits you but does no damage.
You are more poisoned.
The goblin hits you but does no damage.
You are more poisoned.
You barely miss the goblin.
You feel extremely sick. The goblin closely misses you.
You miss the goblin.
You feel very sick. The goblin hits you but does no damage.
You are more poisoned.
You barely miss the goblin.
You feel very sick. The goblin hits you but does no damage.
You are more poisoned.
You block the goblin's attack.
You closely miss the goblin.
You feel extremely sick. The goblin hits you but does no damage.
You hit the goblin.
The goblin is severely wounded.
You feel very sick. The goblin hits you but does no damage.
You are lethally poisoned!
You miss the goblin.
The goblin is severely wounded.
* * * LOW HITPOINT WARNING * * *
You feel very sick. The goblin barely misses you.
The goblin hits you but does no damage.
You are more poisoned.
You hit the goblin.
You kill the goblin!
* * * LOW HITPOINT WARNING * * *
You feel extremely sick.
It was a potion of haste.
You feel yourself speed up.
You die...

#.# #.#.. . #.# #.#.#.#
.#.#... ..###.#.#.#
^..... ..........#
#.#..# #####.#.#.#
#....# # #.#.#.#..#....#
.
#####.#.#.#..#....####..
.............#..).......
................@.......
######.##.##.#.....#.#..
######.#####.#..........
...................#.#..
######.###.#......##.#
######.#..............>
.......................
######.#.#.###...<##.#..
#.#.#.###..........


There were no monsters in sight!

Vanquished Creatures
  An orc priest (D:2)
  2 adders (D:2)
  An adder skeleton (D:2)
  4 dart slugs
  3 orcs (D:2)
  4 ball pythons
  7 bats
  2 endoplasms (D:1)
  3 giant cockroaches (D:1)
  5 hobgoblins
  8 jackals
  3 quokkas (D:1)
  6 frilled lizards (D:1)
  6 goblins
  6 kobolds
  5 rats
66 creatures vanquished.

Notes
Turn   | Place    | Note
-------+----------+-------------------------------------------
     0 | D:1      | Dorkslayer the Hill Orc Fighter began the quest for the
                  | Orb.
     0 | D:1      | Reached XP level 1. HP: 19/19 MP: 1/1
   252 | D:1      | Reached XP level 2. HP: 26/27 MP: 2/2
   379 | D:1      | Found a faded altar of an unknown god.
   406 | D:1      | Reached XP level 3. HP: 19/33 MP: 3/3
  1456 | D:2      | Reached skill level 1 in Dodging
  1456 | D:2      | Reached XP level 4. HP: 21/41 MP: 4/4
  1894 | D:2      | Reached XP level 5. HP: 18/47 MP: 5/5
  2459 | D:2      | HP: 2/47 [poisoned by a goblin]
  2460 | D:2      | Succumbed to a goblin's poison

Illustrated notes

Levels and vault maps discovered:
D:1:      roderic_lyre, layout_loops_ring, hellmonk_ecumenical_altar_dog_temple
D:2:      kennysheep_six_static_rooms, layout_basic

Skill      XL: |  1  2  3  4 |
---------------+-------------+-----
Fighting       | 4 |  4.7
Axes           | 3 4 |  4.1
Dodging        | 1 |  1.4
Armour         | |  3.9
Stealth        | |  0.1
Shields        | |  3.6

Action                   |  1- 3 |  4- 6 || total
-------------------------+-------+-------++-------
Melee: War axe           |   145 |    73 ||   218
  Use: Potion            |       |     1 ||     1
Armor: Scale mail        |    67 |    26 ||    93
       Chain mail        |       |    14 ||    14
Dodge: Dodged            |    86 |    24 ||   110
Block: Buckler           |    43 |    16 ||    59
